 Dungeon Crawl Stone Soup version 0.30-a0-715-gdb4ae3ece1 (webtiles) character file.

Game seed: 4664853126783073332

39 pokeman the Magician (level 3, -4/20 HPs)
             Began as a Deep Elf Hedge Wizard on Jan 24, 2023.
             Slain by a river rat (8 damage)
             ... on level 3 of the Dungeon.
             The game lasted 00:03:03 (1728 turns).

pokeman the Magician (Deep Elf Hedge Wizard)        Turns: 1728, Time: 00:03:03

Health: -4/20      AC:  3    Str:  7    XL:     3   Next: 26%
Magic:  3/11       EV: 12    Int: 20    God:
Gold:   117        SH:  0    Dex: 14    Spells: 4/12 levels left

rFire   + . .      SeeInvis .    e - +2 dagger (elec)
rCold   + . .      Faith    .    (no shield)
rNeg    . . .      Spirit   .    b - +0 robe
rPois   +          Reflect  .    c - +0 hat
rElec   +          Harm     .    (no cloak)
rCorr   +          Rampage  .    a - +0 pair of gloves
Will    .....                    (no boots)
Stlth   ++                       (no amulet)
HPRegen 0.23/turn                (no ring)
MPRegen 0.12/turn                (no ring)

@: resistant
A: no striking features
a: no special abilities


You were on level 3 of the Dungeon.
You visited 1 branch of the dungeon, and saw 3 of its levels.

You collected 117 gold pieces.

Inventory:

Hand Weapons
 e - a +2 dagger of electrocution (weapon)
Missiles
 g - 2 throwing nets
 n - 6 curare-tipped darts
Armour
 a - a +0 pair of gloves (worn)
 b - a +0 robe (worn)
 c - a +0 hat (worn)
Scrolls
 j - 3 scrolls of teleportation {unknown}
 k - a scroll of fog {unknown}
 l - a scroll of amnesia {unknown}
 o - a scroll of silence {unknown}
Potions
 d - a potion of magic
 h - a potion of heal wounds
 i - a potion of flight {unknown}
 m - a potion of ambrosia {unknown}


   Skills:
 + Level 0.9 Fighting
 + Level 0.8 Armour
 - Level 2.4 Dodging
 - Level 2.4 Stealth
 * Level 5.1 Spellcasting
 + Level 1.8 Conjurations
 - Level 1.1 Summonings
 - Level 1.1 Translocations


You had 4 spell levels left.
You knew the following spells:

 Your Spells              Type           Power      Damage    Failure   Level
a - Magic Dart            Conj           48%        1d5       5%          1
b - Mephitic Cloud        Conj/Pois/Air  7%         N/A       26%         3
c - Call Imp              Summ           9%         N/A       11%         2
d - Blink                 Tloc           18%        N/A       11%         2

Your spell library contained the following spells:

 Spells                   Type           Power      Damage    Failure   Level
 Slow                     Hex            20%        N/A       12%         1
 Cigotuvi's Dreadful Rot  Necr/Pois/Air  10%        N/A       17%         2


Dungeon Overview and Level Annotations

Branches:
Dungeon (3/15)

Altars:
Kikubaaqudgha

Portals:
Sewer: D:3

Annotations:
D:3 Sigmund


Message History

Sigmund points at you and mumbles some strange words.
You are confused.
The ball python closely misses you. The ball python grabs you.
The ball python constricts you. Sigmund casts a spell at you.
The magic dart hits you. The ball python closely misses you.
The ball python constricts you.
Sigmund points at you and mumbles some strange words.
You resist with some effort.
The ball python's grasp on you weakens, but your attempt to escape fails.
The ball python barely misses you. The ball python constricts you.
The endoplasm hits you but does no damage.
You escape the ball python's grasp.
The ball python bites you but does no damage.
The ball python grabs you. The ball python constricts you.
Sigmund barely misses you.
You escape the ball python's grasp.
You enter the shallow water.
Moving in this stuff is going to be slow.
The ball python bites you. The ball python closely misses you.
The kobold barely misses you.
You feel less confused.
The ball python bites you but does no damage.
The ball python grabs you. The ball python constricts you.
Sigmund closely misses you. The endoplasm hits you.
* * * LOW HITPOINT WARNING * * *
The kobold throws a poisoned dart.
The poisoned dart closely misses you. The quokka barely misses you.
The ball python bites you but does no damage.
The ball python constricts you.
You escape the ball python's grasp.
Found a scroll labelled USCHYTUEGOO.
The endoplasm hits you but does no damage.
The quokka bites you.
* * * LOW HITPOINT WARNING * * *
The ball python attacks as you move away!
The ball python misses you. x2;
Found a dagger.
The quokka closely misses you. The river rat closely misses you.
There is a glowing drain here.
The quokka completely misses you. The endoplasm barely misses you.
The river rat bites you!
You die...

#............# #
#.r..<...#...##.#
#.S###...........
#..#~...~.......#
#..#.##≈≈~~~##..#
#....##~~K~~##..##
#.....≈≈..S@.~~....
#.###.~~.rrJ.~~..##
#. #.~~..@..~~..#
.. ...~~..~..~~..#
.#. .#.~~..~..~~..#
#. #.##~~.~~##....
...##~~.≈≈# ..## .#
....... ...
.##.?#... ## ..
..#)###.


You could see Sigmund, a river rat, an endoplasm, a quokka, a ball python and a
kobold.

Vanquished Creatures
  2 worms (D:2)
  A giant cockroach (D:1)
  4 goblins (D:1)
  6 hobgoblins
  2 ball pythons (D:3)
  6 bats
  3 frilled lizards (D:1)
  5 kobolds
  5 rats
34 creatures vanquished.

Notes
Turn   | Place    | Note
-------+----------+-------------------------------------------
     0 | D:1      | pokeman the Deep Elf Hedge Wizard began the quest for the
                  | Orb.
     0 | D:1      | Reached XP level 1. HP: 10/10 MP: 7/7
   225 | D:1      | Reached XP level 2. HP: 16/16 MP: 3/9
   984 | D:2      | Reached skill level 5 in Spellcasting
  1043 | D:2      | Found an ancient bone altar of Kikubaaqudgha.
  1233 | D:2      | Reached XP level 3. HP: 20/20 MP: 3/11
  1267 | D:2      | Learned a level 3 spell: Mephitic Cloud
  1270 | D:2      | Learned a level 2 spell: Call Imp
  1285 | D:2      | Learned a level 2 spell: Blink
  1695 | D:3      | Found a glowing drain.
  1715 | D:3      | HP: 1/20 [endoplasm (1)]
  1718 | D:3      | Noticed Sigmund
  1728 | D:3      | Slain by a river rat

Illustrated notes

Levels and vault maps discovered:
D:1:      minmay_arrival_plants_in_alcoves, layout_rooms
D:2:      layout_rooms, basic_altar
D:3:      layout_loops_cross, makhleb_altar_promises_db,
          cheibrodos_sewer_entry_sluice, uniq_sigmund

Skill      XL: |  1  2 |
---------------+-------+-----
Spellcasting   | 5 |  5.1
Fighting       | |  0.9
Armour         | |  0.8
Dodging        | |  2.4
Stealth        | |  2.4
Conjurations   | |  1.8
Summonings     | |  1.1
Translocations | |  1.1

Action                     || total
---------------------------++-------
  Melee: Dagger            ||     9
   Cast: Magic Dart        ||    90
         Call Imp          ||     1
    Use: Potion            ||     2
 Armour: Robe              ||    17
  Dodge: Dodged            ||    39

Table legend: (Time is in decaauts)
 A = Elapsed time spent in this place.
 B = Non-inter-level travel time spent in this place.
 C = Inter-level travel time spent in this place.
 D = Time resting spent in this place.
 E = Time spent auto-exploring this place.
 F = Levels seen in this place.
 G = Mean time per level.
                   A        B        C        D        E       F      G
               +--------+--------+--------+--------+--------+-----+--------+
         Total |   1729 |   1635 |     94 |      0 |   1354 |   3 |  576.3 |
       Dungeon |   1729 |   1635 |     94 |      0 |   1354 |   3 |  576.3 |
               +--------+--------+--------+--------+--------+-----+--------+

Top non-repeatable levels by time:
     D:1: 867 daAuts
     D:2: 765 daAuts
     D:3: 96 daAuts
